woodfighter, neutral female human Monk .....^.<.......%.#.................... ......%.................- ....................#...| ....---##----##----##---| ....|?.?.?.?.?.?.?......| ....#..........L.n......| ....#..................-- ..--|.....JDJ..@.......| .%|.|.....P@D.{...'....| ..+.+.....X.w....{.....+ ..+.-.......{..........+ ..|.|..........{...@...| ..--|..................| ....#..................- ....#...........@.......| ....|.?.?.?.?.?.?a?.?.?.| ... ---##----##----##---- ... .... ..# .... ... .... ... ..... ... ...... .... .#.@W. woodfighter the Student of Waters Experience level: 14 Strength: 25 Dexterity: 17 Constitution: 17 Intelligence: 11 Wisdom: 16 Charisma: 10 Health: 0(82) Energy: 89(89) Def: 21 Gold: 152 Moves: 16931 Dungeon seed: 3EZmi6stEHqpp5PO Game ID: woodfighter_1559226514 Your Inventory: Coins $ - 152 gold pieces Amulets k - an uncursed amulet of reflection (being worn) F - the blessed rustproof Eye of the Aethiopica Weapons l - 11 +7 shuriken (in quiver) Armor a - an uncursed +2 pair of leather gloves e - a blessed greased rustproof +0 helm of brilliance (being worn) n - a blessed rustproof +0 pair of gauntlets of power (being worn) E - an uncursed +0 pair of speed boots (being worn) H - a blessed +4 cloak of protection (being worn) Y - a blessed +2 Hawaiian shirt (being worn) Comestibles m - an uncursed carrot r - 5 uncursed food rations Z - 3 uncursed lizard corpses Scrolls D - an uncursed scroll of teleportation Wands d - a fireproof wand of teleportation (0:7) f - a wand of digging (0:8) g - a wand of death (0:2) A - a wand of create monster (0:11) Tools b - an uncursed stethoscope j - a blessed oil lamp (lit) (0:38) q - a -1 unicorn horn s - a blessed bag of holding u - a +0 pick-axe (alternate weapon; not wielded) w - an uncursed magic whistle y - an uncursed skeleton key K - the blessed Eyes of the Overworld (being worn) L - the Bell of Opening (0:3) N - a cursed brass lantern (0:1147) S - an uncursed brass lantern (0:1184) W - an uncursed towel Gems x - a blessed luckstone Contents of the bag of holding: 10399 gold pieces a cursed amulet of strangulation an uncursed +0 mummy wrapping an uncursed -1 pair of levitation boots a [uncursed] K-ration a [uncursed] egg an uncursed eucalyptus leaf an uncursed lizard corpse 2 uncursed sprigs of wolfsbane 3 [cursed] scrolls of blank paper a [uncursed] scroll of earth a [uncursed] scroll of enchant armor a [uncursed] scroll of enchant weapon a [uncursed] scroll of genocide 2 [uncursed] scrolls of identify a [uncursed] scroll of magic mapping 3 [uncursed] scrolls of teleportation a [uncursed] spellbook of force bolt a [uncursed] potion of booze a [uncursed] potion of fruit juice a [cursed] potion of full healing 2 [uncursed] potions of invisibility a [uncursed] potion of restore ability a [uncursed] potion of sickness a [cursed] ring of invisibility a [uncursed] ring of polymorph control a [blessed] wand of cold [0:3] a [uncursed] wand of digging [0:5] a [uncursed] wand of digging [0:7] a [uncursed] wand of digging [0:5] a [uncursed] wand of enlightenment [0:11] a [uncursed] wand of lightning [0:4] a [cursed] wand of magic missile [0:7] a [uncursed] wand of make invisible [0:5] a [uncursed] wand of make invisible [0:6] a [uncursed] wand of speed monster [0:8] a [blessed] wand of speed monster [0:6] a can of grease (0:16) an uncursed tooled horn a +0 unicorn horn Spells and supernatural/magical abilities: Name Level Category Fail Memory h - healing 1 healing 70% 83% l - light 1 divination 82% 83% n - detect monsters 1 divination 82% 83% z - sleep 2 enchantment 88% 16% R - restore ability 4 healing 100% 83% W - pray for help -- divine ? -- Your skills at the end: Miscellaneous Skills martial arts [Grand Master] wands [Basic] stealth [Skilled] Weapon Skills shuriken [Skilled] Spellcasting Skills healing spells [Basic] Final Attributes: You were the Envoy of Balance. You were piously aligned. You were fire resistant. You were cold resistant. You were sleep resistant. You were shock resistant. You were poison resistant. You were magic-protected. Your writing hand was ok. You saw invisible. You were warned. You had automatic searching. You were invisible to others. You were very stealthy. You were protected. You were very fast. You had reflection. You were extremely lucky. You had extra luck. Good luck did not time out for you. You are dead. Vanquished creatures: Master Kaen Medusa a white dragon a titan 7 minotaurs a jabberwock a baluchitherium 2 young gray dragons 2 young red dragons a young orange dragon a young green dragon 5 stone golems 4 Olog-hai 2 Nazgul a baby red dragon a baby white dragon a gryphon 2 guardian nagas 3 vampire lords a skeleton 2 captains 3 liches a clay golem a nurse 2 lurkers above 2 Aleaxes 2 golden nagas a black pudding 4 vampires 15 ghosts an ettin a lieutenant a winged gargoyle 2 giant mimics 3 fire giants 3 ogre kings an Elvenking 2 ice trolls a rock troll 2 umber hulks a doppelganger a wumpus a long worm a couatl 7 stalkers a fire elemental 34 earth elementals a water elemental a black naga 6 elf-lords 27 xorns 3 giant zombies a vrock 5 wargs 5 quantum mechanics 2 small mimics 2 warhorses 2 xans an ettin mummy an ogre lord 10 trolls an electric eel 3 freezing spheres 2 flaming spheres a shocking sphere 2 gargoyles 3 dwarf kings 5 tengu 2 gelatinous cubes 2 ochre jellies a crocodile 4 leocrottas 3 mountain centaurs 2 giants 4 human mummies 6 Grey-elves a pit viper 2 cobras 12 wraiths 7 ettin zombies a leather golem a horned devil 2 succubi an incubus 6 giant beetles 4 cockatrices 3 wolves 4 winter wolf cubs 2 black lights 3 lynxes 6 gremlins 101 leprechauns 6 quivering blobs 7 lizards 3 orc-captains 6 giant spiders 2 scorpions 3 iron piercers a horse an ice vortex 3 vampire bats 3 forest centaurs 4 gnome kings 2 orc mummies 2 dwarf mummies 3 ogres a rust monster an owlbear a yeti 4 gold golems a werewolf 3 dingos 2 jaguars 2 dwarf lords 2 blue jellies 3 white unicorns 2 black unicorns 3 dust vortices a raven 4 plains centaurs 2 gnome mummies a snake 6 apes 8 human zombies a rope golem 5 soldier ants 4 fire ants 4 yellow lights 14 bugbears 3 imps 2 baby crocodiles a wood nymph 7 Mordor orcs 25 Uruk-hai an orc shaman 3 rock moles 3 rock piercers 2 ponies a fog cloud 2 violet fungi 25 gnome lords 10 gnomish wizards 2 kobold mummies 3 golden naga hatchlings 4 gray oozes 11 elf zombies 8 ghouls a straw golem 3 paper golems 6 giant ants 3 puppies 5 floating eyes 2 kittens 21 dwarves 4 homunculi 6 kobold lords 2 kobold shamans 8 iguanas 9 hill orcs 7 rothes a centipede 2 jitterbugs 5 giant bats 5 monkeys 12 orc zombies 5 dwarf zombies 2 wererats a werejackal 22 killer bees 6 coyotes 4 gas spores 4 hobbits 2 acid blobs 4 large kobolds 5 geckos 21 hobgoblins 4 giant rats 6 cave spiders 2 brown molds 4 yellow molds 4 green molds a red mold 56 gnomes 8 garter snakes 7 manes 5 gnome zombies 11 jackals 4 foxes 2 kobolds 8 newts 4 goblins 8 sewer rats 2 grid bugs 3 bats 8 lichens 11 kobold zombies 969 creatures vanquished. Genocided species: island nymphs 1 species genocided. Voluntary challenges: You were vegetarian. You did not cause conflict. You were not invisible. You were not displaced. You had been an atheist until turn 2309. You used a wielded weapon 1 time, starting on turn 8450. You did not use plumbed fixtures. You read items or engraved 47 times, starting on turn 1597. You genocided 1 type of monster, starting on turn 9375. You never polymorphed an object. You never changed form. You completed Sokoban on turn 3857, according to the rules. You used 3 wishes, starting on turn 7802. You wished for your your first artifact on turn 7802. You never split a pudding. You never wrote Elbereth's name. You never violated your personal moral code. Dungeon overview: The Dungeons of Doom: levels 1 to 29 Level 1 a long staircase Level 2 (water) stairs to The Gnomish Mines Level 3 Level 4 Level 5 some fountains Level 6 some fountains Level 7 Level 8 Level 9 many fountains Level 10 a fountain stairs to Sokoban Level 11 Level 12 some fountains Level 13 a fountain Level 14 Level 15 (water) some fountains portal to The Quest Level 16 a fountain Level 17 Level 18 (vault) a temple to Huan Ti Level 19 Level 20 a fountain Level 21 a fountain, a throne Level 22 some fountains Level 23 Level 24 Level 25 Level 26 Level 27 Level 28 Level 29 <- You were here many fountains, many trees The Gnomish Mines: levels 3 to 11 Level 3 stairs to The Dungeons of Doom Level 4 Level 5 Level 6 many shops, a temple to Huan Ti, a magic chest, some fountains Level 7 Level 8 Level 9 Level 10 Level 11 a magic chest, some fountains The Quest: levels 1 to 5 Level 1 a temple to Moloch, a magic chest portal to The Dungeons of Doom Level 2 Level 3 Level 4 Level 5 an altar to Moloch Sokoban: levels 6 to 9 Level 6 a magic chest Level 7 Level 8 (gray unicorn) Level 9 an altar to Chih Sung-tzu, a magic chest stairs to The Dungeons of Doom History has recorded: On T:1 you entered the Dungeons of Doom to retrieve the Amulet of Yendor! On T:132 you reached level 2 of The Dungeons of Doom. On T:148 you reached level 1 of The Gnomish Mines. On T:241 you reached level 3 of The Dungeons of Doom. On T:469 you advanced to experience level 2. On T:474 you reached level 4 of The Dungeons of Doom. On T:682 you advanced to experience level 3. On T:809 you reached level 5 of The Dungeons of Doom. On T:976 you reached level 6 of The Dungeons of Doom. On T:1017 you advanced to experience level 4. On T:1282 you reached level 7 of The Dungeons of Doom. On T:1531 you advanced to experience level 5. On T:1616 you reached level 8 of The Dungeons of Doom. On T:1733 you reached level 9 of The Dungeons of Doom. On T:1980 you advanced to experience level 6. On T:2070 you reached level 10 of The Dungeons of Doom. On T:2102 you reached level 11 of The Dungeons of Doom. On T:2168 you reached level 4 of Sokoban. On T:2175 you advanced to experience level 7. On T:2217 you opened a magic chest. On T:2503 you reached level 3 of Sokoban. On T:2962 you reached level 2 of Sokoban. On T:3255 you reached level 1 of Sokoban. On T:3279 you advanced to experience level 8. On T:3857 you advanced to experience level 9. On T:3857 you entered the Sokoban zoo. On T:4183 you reached level 2 of The Gnomish Mines. On T:4390 you reached level 3 of The Gnomish Mines. On T:4747 you reached level 4 of The Gnomish Mines. On T:5031 you entered the Minetown temple On T:5210 you reached level 5 of The Gnomish Mines. On T:5559 you reached level 6 of The Gnomish Mines. On T:5812 you reached level 7 of The Gnomish Mines. On T:5943 you reached level 8 of The Gnomish Mines. On T:6608 you reached level 9 of The Gnomish Mines. On T:6608 you reached the bottom of the Mines. On T:6933 you advanced to experience level 10. On T:7802 you wished for "blessed fixed eye of the aethiopica". On T:9053 you reached level 12 of The Dungeons of Doom. On T:9379 you wished for "+3 blessed fixed gauntlets of power". On T:9467 you reached level 13 of The Dungeons of Doom. On T:9491 you reached level 14 of The Dungeons of Doom. On T:9722 you advanced to experience level 11. On T:10013 you reached level 15 of The Dungeons of Doom. On T:10040 you reached level 1 of The Quest. On T:10085 you reached level 16 of The Dungeons of Doom. On T:10523 you reached level 17 of The Dungeons of Doom. On T:10523 you entered the Rogue tribute level. On T:10706 you reached level 18 of The Dungeons of Doom. On T:10729 you advanced to experience level 12. On T:10978 you reached level 19 of The Dungeons of Doom. On T:11203 you reached level 20 of The Dungeons of Doom. On T:11583 you reached level 21 of The Dungeons of Doom. On T:11867 you reached level 22 of The Dungeons of Doom. On T:12096 you reached level 23 of The Dungeons of Doom. On T:12462 you killed Medusa on level 23 of The Dungeons of Doom. On T:12561 you reached level 24 of The Dungeons of Doom. On T:13187 you advanced to experience level 13. On T:13188 you advanced to experience level 14. On T:13415 you wished for "+3 blessed fixed greased helm of brilliance". On T:13479 you prayed to Chih Sung-tzu. On T:13482 you were named as the Envoy of Balance! On T:13752 you embarked upon an epic quest. On T:13831 you reached level 2 of The Quest. On T:13851 you reached level 3 of The Quest. On T:14387 you reached level 4 of The Quest. On T:14515 you reached level 5 of The Quest. On T:14804 you killed Master Kaen on level 4 of The Quest. On T:15240 you completed the quest! On T:15580 you reached level 25 of The Dungeons of Doom. On T:15825 you reached level 26 of The Dungeons of Doom. On T:15887 you reached level 27 of The Dungeons of Doom. On T:16427 you reached level 28 of The Dungeons of Doom. On T:16736 you reached The Castle. Score breakdown: Gold: 10551 ( 1055 points) Experience: 14 levels ( 1300 points) Exploration: 29 levels ( 840 points) Discoveries: 112 items ( 2000 points) Variety of kills: 196 monsters ( 2000 points) Major goal: finished the Quest ( 2000 points) Survival: died (score multiplied by 3) Total score: 27585 Latest messages: The door opens. The door resists! The door closes. You succeed in locking the door. The door opens. You strike the vampire! You destroy the vampire! D - a scroll of teleportation. The demilich casts a spell! Monsters suddenly arrive from nowhere! You strike the ettin! (2x) The ettin wields a pick-axe! The ettin swings his pick-axe at you. The ettin hits you! The jabberwock bumps right into you! The purple worm bumps right into you! The green slime touches you! The black dragon bites! The black dragon claws you! (2x) The black dragon bites! The black dragon claws you! (2x) The jabberwock bites! You die... Final status: Goodbye woodfighter the Monk, killed by a jabberwock... You died in The Dungeons of Doom on dungeon level 29 with 27585 points, and 10551 pieces of gold, after 16931 moves. You were level 14 with a maximum of 82 hit points when you died.